 Dungeon Crawl Stone Soup version 0.25-a0-934-g041635d5d1 (webtiles) character file.

Game seed: 8887217015213568984, levelgen mode: deterministic

20255 Froggeryz the Severer (level 12, -6/110 HPs)
             Began as a Hill Orc Fighter on May 3, 2020.
             Was the Champion of Okawaru.
             Mangled by an entropy weaver (11 damage)
             ... on level 4 of the Lair of Beasts on May 4, 2020.
             The game lasted 00:24:36 (13046 turns).

Froggeryz the Severer (Hill Orc Fighter)           Turns: 13046, Time: 00:24:36

Health: -6/110     AC:  9    Str: 22    XL:     12   Next: 77%
Magic:  21/26      EV:  5    Int: 12    God:    Okawaru [******]
Gold:   856        SH:  9    Dex: 10    Spells: 9/11 levels left

rFire    . . .     SeeInvis .   y - +7 broad axe "Haitolawk" {venom, rPois MP+9 Str-2}
rCold    + . .     Gourm    .   c - +0 kite shield
rNeg     . . .     Faith    .   I - +3 chain mail of Rotation {rC+ Int+4 Stlth+}
rPois    +         Spirit   .   V - +1 hat {MR+}
rElec    .         Reflect  .   (no cloak)
rCorr    +         Harm     .   G - +0 pair of gloves
MR       +....                  A - +0 pair of boots
Stlth    ..........             B - amulet of regeneration
HPRegen  0.68/turn              L - ring of poison resistance
MPRegen  0.20/turn              O - ring of resist corrosion

@: lethally poisoned (-6 -> -6), finesse, corroded
A: no striking features
a: Heroism, Finesse, Renounce Religion


You were on level 4 of the Lair of Beasts.
You worshipped Okawaru.
Okawaru was exalted by your worship.
You were not hungry.

You visited 4 branches of the dungeon, and saw 15 of its levels.
You also visited: Sewer.

You collected 856 gold pieces.

Inventory:

Hand Weapons
 o - a +2 scimitar of flaming
 y - the +7 broad axe "Haitolawk" (weapon) {venom, rPois MP+9 Str-2}
   (Okawaru gifted it to you on level 3 of the Lair of Beasts)

   It poisons the flesh of those it strikes.
   It affects your strength (-2).
   It protects you from poison.
   It affects your magic capacity (+9).
 J - the +7 battleaxe "Guucial" {drain, *Contam rF+ Str+4}
   (Okawaru gifted it to you on level 4 of the Lair of Beasts)

   A truly terrible weapon, it drains the life of those it strikes.
   It affects your strength (+4).
   It protects you from fire.
   It causes magical contamination when unequipped.
 K - the +10 arbalest of Floods {penet, rPois Dex+4}
   (You found it on level 7 of the Dungeon)

   Ammo fired by it will pass through the targets it hits, potentially hitting
   all targets in its path until it reaches maximum range.
   It affects your dexterity (+4).
   It protects you from poison.
 S - a +2 vampiric war axe
Missiles
 v - 8 boomerangs
 E - 4 atropa-tipped darts
 H - 2 throwing nets (quivered)
 M - 60 bolts
Armour
 c - a +0 kite shield (worn)
 A - a +0 pair of boots (worn)
 G - a +0 pair of gloves (worn)
 I - the +3 chain mail of Rotation (worn) {rC+ Int+4 Stlth+}
   (You found it on level 7 of the Dungeon)

   It affects your intelligence (+4).
   It protects you from cold.
   It makes you more stealthy.
 V - a +1 hat of magic resistance (worn)
Jewellery
 t - a +5 ring of dexterity
 B - an amulet of regeneration (around neck)
 L - a ring of poison resistance (left hand)
 O - a ring of resist corrosion (right hand)
 W - an uncursed ring of protection from magic
Wands
 b - a wand of acid (6)
 N - a wand of flame (12)
 P - a wand of scattershot (7)
 Q - a wand of disintegration (19)
 U - a wand of random effects (16)
Scrolls
 e - 3 scrolls of identify
 i - 11 scrolls of remove curse
 k - 2 scrolls of amnesia
 m - 3 scrolls of magic mapping
 n - 3 scrolls of blinking
 p - 3 scrolls of enchant weapon
 s - 3 scrolls of teleportation
 w - 3 scrolls of noise
 D - a scroll of fear
Potions
 a - 3 potions of curing
 d - 2 potions of degeneration {unknown}
 g - 2 potions of flight
 l - a potion of ambrosia {unknown}
 q - a potion of mutation {unknown}
 r - 3 potions of haste
 u - 2 potions of berserk rage {unknown}
 x - a potion of brilliance {unknown}
 z - 3 potions of heal wounds
 C - 2 potions of magic {unknown}
 F - a potion of resistance {unknown}
 X - a potion of cancellation {unknown}
Comestibles
 f - 28 rations
 j - 4 chunks of flesh


   Skills:
 - Level 11.4 Fighting
 * Level 19.7 Axes
 + Level 8.1 Armour
 - Level 3.2 Shields
 - Level 7.1 Invocations


You had 9 spell levels left.
You knew the following spells:

 Your Spells              Type           Power        Failure   Level  Hunger
a - Blink                 Tloc           N/A          100%        2    ###....

Your spell library contained the following spells:

 Spells                   Type           Power        Failure   Level  Hunger
 Animate Skeleton         Necr           N/A          100%        1    ##.....
 Magic Dart               Conj           #...         100%        1    ##.....
 Pain                     Necr           #...         100%        1    ##.....
 Call Imp                 Summ           #.......     100%        2    ###....
 Slow                     Hex            #.......     100%        2    ###....
 Conjure Flame            Conj/Fire      #.......     100%        3    ####...
 Mephitic Cloud           Conj/Pois/Air  #.......     100%        3    ####...
 Vampiric Draining        Necr           #.........   100%        3    ####...
 Animate Dead             Necr           N/A          100%        4    #####..
 Agony                    Necr           #.......     100%        5    ######.


Dungeon Overview and Level Annotations

Branches:
Dungeon (9/15)             Temple (1/1) D:5            Lair (4/6) D:9
  Swamp (0/4) Lair:4        Snake (1/4) Lair:3        Sewer (visited)
    Orc: D:9-12

Altars:
Ashenzari
Cheibriados
Dithmenos
Elyvilon
Fedhas
Gozag
Hepliaklqana
Kikubaaqudgha
Makhleb
Nemelex Xobeh
Okawaru
Qazlal
Ru
Sif Muna
Trog
Uskayaw
Vehumet
Wu Jian
Xom
Yredelemnul
Zin
The Shining One


Message History

* * * LOW HITPOINT WARNING * * *
The entropy weaver hits you!
* * * LOW HITPOINT WARNING * * *
The soldier ant stings you but does no damage.
You slash the entropy weaver!
The entropy weaver is almost dead.
You closely miss the soldier ant. You hit the soldier ant.
The soldier ant looks as sick as possible!
A worker ant comes into view.
Unknown command.
You closely miss the entropy weaver.
The entropy weaver is almost dead.
Your shield and chain mail of Rotation prevent you from hitting the soldier ant.
The worker ant twitches its antennae in your direction.
You slash the soldier ant!
The soldier ant looks as sick as possible!
You feel sick. The entropy weaver hits you.
* * * LOW HITPOINT WARNING * * *
The entropy weaver hits you!
You die...

###.#..#.....##
####.............##
.................P##
..................≈≈#
...................≈≈♣
...................≈≈≈♣
....................PP≈♣
............a......P≈≈≈P
....#......@a.......P≈≈♣
....##...###a.##....≈♣♣#
... #a##. #..# ## #.# .
.### ... ... .. ..# ...


aa.. .a#a You could see an entropy weaver, 2 soldier ants and a worker ant.

Vanquished Creatures
  Gastronok (Lair:2)
  4 hydras
  A two-headed ogre (D:9)
  Erica (D:8)
  2 black mambas
  5 spiny frogs
  2 rime drakes
  2 komodo dragons (Lair:3)
  2 bog bodies (Lair:4)
  3 blink frogs (Lair:3)
  A spriggan (D:7)
  A wyvern (Lair:3)
  12 yaks
  A basilisk (Lair:1)
  2 wargs (D:9)
  3 soldier ants (Lair:4)
  Duvessa (D:4)
  11 water moccasins
  11 porcupines
  5 orc warriors
  2 ice beasts
  A black bear (Lair:3)
  A phantom (D:8)
  4 ogres
  2 centaurs
  5 crocodiles
  5 big kobolds
  16 bullfrogs
  A gnoll sergeant (D:6)
  Dowan (D:4)
  5 wights (D:8)
  A centaur zombie (D:6)
  7 crimson imps
  2 bullfrog zombies (D:8)
  9 orc priests
  4 hounds
  7 orc wizards
  2 centaur skeletons
  A bullfrog skeleton (D:4)
  2 jellies (D:6)
  An iron imp (D:9)
  2 iguanas
  5 worker ants
  13 hell rats (Lair:1)
  3 hound skeletons
  A worker ant zombie (D:8)
  A howler monkey skeleton (D:8)
  A howler monkey zombie (D:6)
  14 adders
  6 gnolls (D:6)
  18 river rats
  A shadow imp (D:6)
  An ooze (D:1)
  3 adder skeletons
  2 adder zombies
  A dart slug (D:4)
  6 leopard geckos
  32 orcs
  10 ball pythons
  A giant cockroach (D:4)
  9 goblins
  12 hobgoblins
  12 jackals
  25 kobolds
  9 quokkas
  A ball python skeleton (D:4)
  4 bats
  5 frilled lizards
  A jackal skeleton (D:7)
  A quokka skeleton (D:5)
  33 rats
  A fungus (Lair:2)
  A plant (Lair:2)
385 creatures vanquished.

Vanquished Creatures (others)
  2 hounds (D:8)
  An adder (D:8)
  A quokka (D:6)
4 creatures vanquished.

Grand Total: 389 creatures vanquished

Notes
Turn   | Place    | Note
-------+----------+-------------------------------------------
     0 | D:1      | Froggeryz the Hill Orc Fighter began the quest for the Orb.
     0 | D:1      | Reached XP level 1. HP: 19/19 MP: 1/1
   184 | D:1      | Reached skill level 3 in Axes
   220 | D:1      | Reached XP level 2. HP: 21/26 MP: 2/2
   331 | D:1      | Reached skill level 4 in Axes
   637 | D:1      | Reached XP level 3. HP: 31/31 MP: 3/3
   808 | D:1      | Reached skill level 5 in Axes
  1387 | D:2      | Found an opulent altar of Gozag.
  1432 | D:2      | Reached XP level 4. HP: 27/39 MP: 4/4
  1498 | D:2      | Found an ancient bone altar of Kikubaaqudgha.
  1727 | D:2      | Found an opulent altar of Gozag.
  1727 | D:2      | Found a shadowy altar of Dithmenos.
  1728 | D:2      | Found a hide-covered altar of Uskayaw.
  1811 | D:2      | Reached skill level 6 in Axes
  3069 | D:3      | Found a burning altar of Makhleb.
  3074 | D:3      | Reached skill level 7 in Axes
  3074 | D:3      | Reached XP level 5. HP: 37/45 MP: 5/5
  3860 | D:4      | Reached skill level 8 in Axes
  3860 | D:4      | Reached XP level 6. HP: 51/51 MP: 6/6
  3872 | D:4      | Learned a level 2 spell: Blink
  3919 | D:4      | Found a glowing drain.
  3939 | Sewer    | Entered a sewer
  3963 | Sewer    | Upgraded the game from 0.25-a0-927-g39f137c8b7 to
                  | 0.25-a0-934-g041635d5d1
  4083 | Sewer    | Reached skill level 9 in Axes
  4431 | Sewer    | Reached XP level 7. HP: 42/57 MP: 7/7
  4435 | Sewer    | Reached skill level 10 in Axes
  4980 | D:4      | Noticed Dowan
  4981 | D:4      | Noticed Duvessa
  4991 | D:4      | Killed Dowan
  4991 | D:4      | Reached skill level 11 in Axes
  5406 | D:4      | Killed Duvessa
  5572 | D:4      | Reached XP level 8. HP: 64/64 MP: 8/8
  5722 | D:5      | Entered Level 5 of the Dungeon
  5722 | D:5      | Found a hazy altar of Hepliaklqana.
  5821 | D:5      | Reached skill level 12 in Axes
  6093 | D:5      | Found a staircase to the Ecumenical Temple.
  6108 | Temple   | Entered the Ecumenical Temple
  6122 | Temple   | Became a worshipper of Warmaster Okawaru
  6514 | D:6      | Found a white marble altar of Elyvilon.
  6629 | D:6      | Found an iron altar of Okawaru.
  6652 | D:6      | Reached skill level 5 in Fighting
  6652 | D:6      | Reached skill level 13 in Axes
  6658 | D:6      | HP: 3/68 [gnoll/+0 spear (5)]
  6667 | D:6      | Reached * piety under Okawaru
  6960 | D:6      | Reached XP level 9. HP: 58/75 MP: 9/9
  7097 | D:6      | Found a glowing golden altar of the Shining One.
  7146 | D:6      | Found a glowing golden altar of the Shining One.
  7510 | D:7      | Got a twisted chain mail
  7511 | D:7      | Identified the +3 chain mail of Rotation {rC+ Int+4 Stlth+}
                  | (You found it on level 7 of the Dungeon)
  7540 | D:7      | Reached skill level 14 in Axes
  7639 | D:7      | Got an iridescent arbalest
  7640 | D:7      | Identified the +10 arbalest of Floods {penet, rPois Dex+4}
                  | (You found it on level 7 of the Dungeon)
  7699 | D:7      | Reached ** piety under Okawaru
  8306 | D:8      | Reached *** piety under Okawaru
  8338 | D:8      | Noticed Erica
  8348 | D:8      | Killed Erica
  8348 | D:8      | Reached skill level 15 in Axes
  8348 | D:8      | Reached skill level 5 in Armour
  8348 | D:8      | Reached XP level 10. HP: 88/88 MP: 10/10
  8404 | D:8      | Reached **** piety under Okawaru
  8595 | D:8      | Found a shimmering altar of Xom.
  9024 | D:9      | Noticed a two-headed ogre
  9033 | D:9      | Killed a two-headed ogre
  9033 | D:9      | Reached skill level 16 in Axes
  9069 | D:9      | Found a snail-covered altar of Cheibriados.
  9142 | D:9      | Reached ***** piety under Okawaru
  9170 | D:9      | Found a staircase to the Lair.
  9509 | D:9      | Reached XP level 11. HP: 97/97 MP: 11/11
  9604 | Lair:1   | Entered Level 1 of the Lair of Beasts
  9720 | Lair:1   | Received a gift from Okawaru
  9720 | Lair:1   | Reached skill level 17 in Axes
  9720 | Lair:1   | Reached skill level 1 in Invocations
  9881 | Lair:1   | Noticed a six-headed hydra
  9887 | Lair:1   | Killed a four-headed hydra
 10081 | Lair:1   | Noticed a seven-headed hydra
 10087 | Lair:1   | Killed a three-headed hydra
 10087 | Lair:1   | Reached skill level 10 in Fighting
 10868 | Lair:2   | Reached skill level 18 in Axes
 10873 | Lair:2   | Reached skill level 5 in Invocations
 10997 | Lair:2   | Noticed a five-headed hydra
 11009 | Lair:2   | Killed a one-headed hydra
 11009 | Lair:2   | Reached XP level 12. HP: 48/108 MP: 16/16
 11321 | Lair:2   | Noticed Gastronok
 11336 | Lair:2   | Killed Gastronok
 11336 | Lair:2   | Reached ****** piety under Okawaru
 11970 | Lair:3   | Found a staircase to the Snake Pit.
 12002 | Lair:3   | Received a gift from Okawaru
 12003 | Lair:3   | Got a fine broad axe {god gift}
 12004 | Lair:3   | Identified the +7 broad axe "Haitolawk" {venom, rPois MP+9
                  | Str-2} (Okawaru gifted it to you on level 3 of the Lair of
                  | Beasts)
 12149 | Lair:3   | Reached skill level 19 in Axes
 12632 | Snake:1  | Entered Level 1 of the Snake Pit
 12814 | Lair:4   | Found a staircase to the Swamp.
 12885 | Lair:4   | Noticed a seven-headed hydra
 12899 | Lair:4   | Killed a three-headed hydra
 12899 | Lair:4   | Received a gift from Okawaru
 12923 | Lair:4   | Got a slimy battleaxe {god gift}
 12924 | Lair:4   | Identified the +7 battleaxe "Guucial" {drain, *Contam rF+
                  | Str+4} (Okawaru gifted it to you on level 4 of the Lair of
                  | Beasts)
 13024 | Lair:4   | Noticed an entropy weaver
 13024 | Lair:4   | Noticed a queen ant
 13046 | Lair:4   | HP: 5/110 [entropy weaver (5)]
 13046 | Lair:4   | Mangled by an entropy weaver

Levels and vault maps discovered:
D:1:      dpeg_arrival_circle_labyrinth_c, layout_basic, minmay_hedge_maze,
          minmay_pentomino_s4
D:2:      layout_basic, lemuel_round_altar, gammafunk_temple_overflow_claw,
          grunt_decor_fettered, minmay_statues_item,
          nicolae_gozag_cash_rules_everything_around_me
D:3:      layout_basic, makhleb_heckhound_becter
D:4:      layout_cave_pods, portal_sewer_entry_a, first_ration, minmay_between,
          uniq_duvessa
D:5:      layout_cave_pools, minmay_temple_entry_gardened_gates, basic_altar,
          grunt_ministairs_1
D:6:      layout_rooms, kennysheep_mini_moat, elyvilon_altar_4, basic_altar,
          okawaru_gym_becter
D:7:      layout_loops_ring, the_bakery
D:8:      layout_cave_pools, xom_confusion_cloud, minmay_misc_feat_square,
          uniq_erica
D:9:      layout_stronghold, slow_altar_1, erik_lair_orcish_takeover,
          onia_ninara_dug_in_and_dangerous
Temple:   eino_temple_lava
Lair:1:   lemuel_ratsnest, layout_regular_city, serial_bayou_pond_d,
          grunt_forest_stairs_basic, guppyfry_lair_drakes
Lair:2:   layout_roguey, grunt_megastairs_2, uniq_gastronok
Lair:3:   layout_long_grid, dummy_snake_entry, minivault_19
Lair:4:   layout_gridlike, skrybe_swamp_entry_bodies,
          chequers_serial_rivers_room_b, zaba_anthell, serial_bayou_shore_a,
          serial_bayou_shore_b, grunt_megastairs_3, infiniplex_staircase_pool_2,
          serial_bayou_shore_b
Snake:1:  layout_layer_cave, serial_shops, shop_statue, drop_trap,
          serial_bayou_lagoon_b

Skill      XL: |  1  2  3  4  5  6  7  8  9 10 11 12 |
---------------+-------------------------------------+-----
Axes           | 3 4 5 7 8 9 11 13 15 16 18 19 | 19.7
Fighting       | 5 7 9 10 11 | 11.4
Armour         | 5 7 8 |  8.1
Invocations    | 5 7 |  7.1
Shields        | |  3.2

Action                   |  1- 3 |  4- 6 |  7- 9 | 10-12 || total
-------------------------+-------+-------+-------+-------++-------
Melee: War axe           |   100 |   261 |   323 |   439 ||  1123
       Scimitar          |       |       |       |    22 ||    22
       Broad axe         |       |       |       |    63 ||    63
Throw: Dart              |       |       |     5 |     1 ||     6
       Throwing net      |       |       |       |     1 ||     1
       Boomerang         |       |       |       |     1 ||     1
Invok: Finesse           |       |       |       |     1 ||     1
Evoke: Wand              |       |       |       |     5 ||     5
  Use: Scroll            |       |     3 |     4 |    14 ||    21
       Potion            |       |       |    10 |     3 ||    13
 Stab: Held in net/web   |       |       |       |     1 ||     1
  Eat: Chunk             |     2 |     6 |    13 |    15 ||    36
       Ration            |       |     1 |       |       ||     1
Armor: Scale mail        |    47 |    83 |    80 |       ||   210
       Chain mail        |       |       |    30 |   263 ||   293
Dodge: Dodged            |    28 |    72 |    68 |    82 ||   250
Block: Kite shield       |    56 |   125 |   136 |   229 ||   546
       Rpst.: Scimitar   |       |       |       |     1 ||     1

Table legend:
 A = Non-vault XP
 B = Vault XP
 C = Vault XP percentage of total XP
 D = Non-vault monster count
 E = Vault monster count
 F = Vault count percentage of total count
                 A         B        C        D         E       F
            +---------+---------+-------+---------+---------+-------
      Total |   21144 |    7793 |  26.9 |     254 |     129 |  33.7
            +---------+---------+-------+---------+---------+-------
        D:1 |      43 |      11 |  20.4 |      24 |       3 |  11.1
        D:2 |      94 |       0 |   0.0 |      22 |       0 |   0.0
        D:3 |     101 |      42 |  29.4 |      12 |       1 |   7.7
        D:4 |     244 |     258 |  51.4 |      20 |       6 |  23.1
        D:5 |     277 |       0 |   0.0 |      17 |       0 |   0.0
        D:6 |    1107 |       0 |   0.0 |      31 |       0 |   0.0
        D:7 |    1127 |     220 |  16.3 |      24 |       1 |   4.0
        D:8 |    1015 |    1161 |  53.4 |      25 |       8 |  24.2
        D:9 |    2729 |     666 |  19.6 |      23 |      10 |  30.3
     Lair:1 |    3981 |    1415 |  26.2 |      10 |      43 |  81.1
     Lair:2 |    4296 |    2662 |  38.3 |      20 |       4 |  16.7
     Lair:3 |    3781 |       0 |   0.0 |      18 |       0 |   0.0
     Lair:4 |    2349 |     907 |  27.9 |       8 |       5 |  38.5
      Sewer |       0 |     451 | 100.0 |       0 |      48 | 100.0
            +---------+---------+-------+---------+---------+-------
